 Dungeon Crawl Stone Soup version 0.21-a0-513-gdcb3f5e (webtiles) character file.

914 torrenera the Cleaver (level 7, -3/52 HPs)
             Began as a Demonspawn Fighter on Dec 1, 2017.
             Slain by an ogre
             ... wielding a +0 giant club
              (9 damage)
             ... on level 5 of the Dungeon.
             The game lasted 00:07:21 (5589 turns).

torrenera the Cleaver (Demonspawn Fighter)          Turns: 5589, Time: 00:07:23

Health: -3/52      AC: 11    Str: 23    XL:     7   Next: 82%
Magic:  7/7        EV:  5    Int:  9    God:
Gold:   281        SH:  9    Dex: 13    Spells: 6/6 levels left

rFire    . . .     SeeInvis .   a - +0 war axe
rCold    . . .     Gourm    .   c - +0 shield
rNeg     . . .     Faith    .   o - +0 chain mail
rPois    .         Spirit   .   (helmet restricted)
rElec    .         Reflect  .   (no cloak)
rCorr    .         Harm     .   (no gloves)
MR       .....                  (no boots)
Stlth    ..........             (no amulet)
HPRegen  0.17/turn              (no ring)
MPRegen  0.10/turn              (no ring)

@: mighty, starving
A: horns 1, slimy green scales 2, rot immunity
a: no special abilities


You were on level 5 of the Dungeon.
You were starving.

You visited 1 branch of the dungeon, and saw 5 of its levels.

You collected 281 gold pieces.

Inventory:

Hand Weapons
 a - a +0 war axe (weapon)
Missiles
 g - 147 stones (quivered)
 k - 31 sling bullets
 t - 16 poisoned needles
Armour
 c - a +0 shield (worn)
 o - a +0 chain mail (worn)
Jewellery
 n - an uncursed ring of ice
Wands
 l - a wand of acid (9)
 y - a wand of polymorph (15)
Scrolls
 h - 2 scrolls of amnesia {unknown}
 q - 3 scrolls of remove curse {unknown}
 u - a scroll of teleportation {unknown}
 w - 2 scrolls of enchant armour {unknown}
 x - a scroll of identify {unknown}
Potions
 e - 4 potions of curing {unknown}
 i - 2 potions of invisibility {unknown}
 j - 3 potions of mutation {unknown}
 p - 2 potions of lignification {unknown}
 r - 2 potions of berserk rage {unknown}
 s - a potion of agility {unknown}
 v - 2 potions of flight {unknown}
Comestibles
 b - a meat ration
 f - 2 bread rations
 m - 5 royal jellies


   Skills:
 - Level 3.0 Fighting
 + Level 8.4 Axes
 - Level 2.6 Armour
 - Level 2.6 Shields


You had 6 spell levels left.
You didn't know any spells.

Dungeon Overview and Level Annotations

Branches:
Dungeon (5/15)
 Temple: D:4-7

Altars:
Dithmenos
Fedhas
Uskayaw
Vehumet
Wu Jian
Zin

Shops:
D:4 }

Annotations:
D:4 Gerstahl's ghost, novice NaGl


Innate Abilities, Weirdness & Mutations

You have a pair of small horns on your head.
You are mostly covered in slimy green scales. (AC +3)
You are immune to rotting.


Message History

The orc priest is severely wounded.
You hit the ogre. You miss the crimson imp. The crimson imp barely misses you.
The ogre hits you with a giant club!
* * * LOW HITPOINT WARNING * * *
The orc priest mumbles some strange prayers to Beogh against you.
Pain shoots through your body!
* * * LOW HITPOINT WARNING * * *
Your chain mail prevents you from hitting the orc priest.
You headbutt the orc priest, but do no damage.
The orc priest is severely wounded.
You miss the crimson imp. You slash the ogre! The crimson imp hits you.
* * * LOW HITPOINT WARNING * * *
You block the orc priest's attack. You block the ogre's attack.
You slash the orc priest!
You kill the orc priest!
Your shield prevents you from hitting the ogre.
You closely miss the crimson imp.
The crimson imp hits you but does no damage.
The ogre hits you with a giant club!
You die...

#.... #....
##.... .....
.###... ...'...
##..a##########
#...O@.........
#.#.5..........
####(...?....
##(#.......#.#
#....####. #.#
###..# #..#.#
#..# #..#.#
##.# #..#.# #.#
#..#.#


You could see an ogre, a worker ant and a crimson imp.

Vanquished Creatures
  The ghost of Gerstahl the Slasher, a novice NaGl of Okawaru (D:5)
  An ogre (D:4)
  A centaur (D:5)
  2 hounds
  2 orc wizards
  An orc priest (D:5)
  A bullfrog skeleton (D:5)
  2 worker ants (D:4)
  7 adders
  2 oozes
  A dart slug (D:3)
  2 leopard geckos
  5 orcs
  A ball python (D:3)
  5 giant cockroaches
  9 goblins
  10 hobgoblins
  4 jackals
  2 quokkas (D:3)
  7 bats
  6 frilled lizards
  8 kobolds
  2 rats (D:1)
  A fungus (D:4)
83 creatures vanquished.

Notes
Turn   | Place    | Note
-------+----------+-------------------------------------------
     0 | D:1      | torrenera the Demonspawn Fighter began the quest for the Orb.
     0 | D:1      | Reached XP level 1. HP: 18/18 MP: 1/1
    44 | D:1      | Reached skill level 2 in Axes
   130 | D:1      | You fall through a shaft!
   183 | D:1      | Gained mutation: You are immune to rotting. [demonic ancestry]
   183 | D:1      | Reached XP level 2. HP: 23/24 MP: 2/2
   774 | D:1      | Reached skill level 3 in Axes
   920 | D:2      | Found an ornate altar of the Wu Jian Council.
   952 | D:2      | Reached XP level 3. HP: 26/29 MP: 3/3
  2113 | D:3      | Reached XP level 4. HP: 35/35 MP: 4/4
  2130 | D:3      | Found a hide-covered altar of Uskayaw.
  2144 | D:3      | Reached skill level 4 in Axes
  3402 | D:4      | Gained mutation: You are partially covered in slimy green scales. (AC +2) [demonic ancestry]
  3402 | D:4      | Reached XP level 5. HP: 38/41 MP: 5/5
  3405 | D:4      | Noticed an ogre
  3407 | D:4      | Reached skill level 5 in Axes
  3416 | D:4      | Killed an ogre
  3625 | D:4      | Noticed Gerstahl's ghost (novice NaGl)
  4181 | D:4      | Gained mutation: You have a pair of small horns on your head. [demonic ancestry]
  4181 | D:4      | Reached XP level 6. HP: 42/47 MP: 6/6
  4475 | D:4      | Reached skill level 6 in Axes
  4531 | D:4      | Found Cuedauc's Gadget Shoppe.
  4570 | D:4      | Found a radiant altar of Vehumet.
  4576 | D:4      | Found a shadowy altar of Dithmenos.
  4578 | D:4      | Found a glowing silver altar of Zin.
  4644 | D:4      | Found a blossoming altar of Fedhas.
  4885 | D:5      | Entered Level 5 of the Dungeon
  4934 | D:5      | Noticed Gerstahl's ghost (novice NaGl)
  4984 | D:5      | HP: 2/47 [Gerstahl's ghost (5)]
  4985 | D:5      | Killed Gerstahl's ghost
  4985 | D:5      | Reached skill level 7 in Axes
  4985 | D:5      | Gained mutation: You are mostly covered in slimy green scales. (AC +3) [demonic ancestry]
  4985 | D:5      | Reached XP level 7. HP: 2/52 MP: 7/7
  5508 | D:5      | Reached skill level 8 in Axes
  5589 | D:5      | Slain by an ogre

Vault maps used:
D:1:      tarquinn_simple_flora_water_d
D:2:      nicolae_overflow_crystal_walls, minmay_misc_feat_chi
D:3:      eat_drink_and_be_merry_uskayaw
D:4:      lemuel_coloured_pillars_altar, minitemple, temple_hall, serial_shops,
          nicolae_shop_crystal, fedhas_altar_3
D:5:      okawaru_altar_gauntlet_db, first_bread, minmay_gold_behind_fungi,
          serial_park_tiny_2, uniq_crazy_yiuf_cottage

Skill      XL: |  1  2  3  4  5  6  7 |
---------------+----------------------+-----
Axes           | 2 3 4 5 7 8 |  8.4
Fighting       | |  3.0
Armour         | |  2.6
Shields        | |  2.6

Action                   |  1- 3 |  4- 6 |  7- 9 || total
-------------------------+-------+-------+-------++-------
Melee: War axe           |   133 |   163 |    29 ||   325
       Headbutt          |       |    10 |     8 ||    18
  Use: Potion            |       |     2 |     1 ||     3
  Eat: Chunk             |     4 |     9 |       ||    13
Armor: Scale mail        |    31 |       |       ||    31
       Chain mail        |    28 |    93 |    11 ||   132
Dodge: Dodged            |    30 |    26 |     9 ||    65
Block: Shield            |    73 |    79 |    14 ||   166

Table legend:
 A = Spawn XP
 B = Non-spawn XP
 C = Spawn XP percentage of total XP
 D = Spawn monster count
 E = Non-spawn monster count
 F = Spawn count percentage of total count
 G = Total turns spent on level
                    A         B        C        D         E        F      G
               +---------+---------+-------+---------+---------+-------+---------
         Total |       0 |    1306 |   0.0 |       0 |      82 |   0.0 |  5589
               +---------+---------+-------+---------+---------+-------+---------
           D:1 |       0 |      35 |   0.0 |       0 |      20 |   0.0 |   892
           D:2 |       0 |      51 |   0.0 |       0 |      15 |   0.0 |  1117
           D:3 |       0 |      93 |   0.0 |       0 |      24 |   0.0 |  1762
           D:4 |       0 |     304 |   0.0 |       0 |      14 |   0.0 |  1114
           D:5 |       0 |     823 |   0.0 |       0 |       9 |   0.0 |   704
               +---------+---------+-------+---------+---------+-------+---------
